AoeStats
← Cinnamoroll

Lombardia

507427763Analyzed
4v4 RM · 13d ago on Sep 18, 2026· 60m 19s· 8 players
Game mode
Random Map
Map size
Large (8 player)
Population
200
Speed
Normal
Resources
Standard
Victory
Conquest
Starting age
Dark Age
Ending age
Imperial Age
RankedLock teamsTeams togetherTeam positionsShared explorationLock speedFull tech treeHidden civsTurbo modeCheats
Victory
Defeat
🇨🇳 Britons · China
1678
+12
🇹🇼 Hindustanis · Taiwan
1628
+14
🇨🇳 Khmer · China
1529
+17
🇨🇦 Spanish · Canada
1522
+18
🇨🇦 Khmer · Canada
1598
-16
1587
-16
🇲🇽 Franks · Mexico
1569
-15
🇺🇸 Spanish · United States
1542
-14
[VL] Shile Shilaca 8.80
7:08 Loom
9:16 Feudal Age
9:52 Double-Bit Axe
12:11 Fletching
22:46 Castle Age
22:22 Gold Mining
22:48 Crossbowman
23:58 Bow Saw
31:49 Wheelbarrow
36:52 Imperial Age
34:24 Stone Mining
35:10 Gold Shaft Mining
37:07 Arbalester
37:43 Bodkin Arrow
38:33 Bracer
39:25 Conscription
39:38 Thumb Ring
40:00 Padded Archer Armor
41:21 Ballistics
42:02 Chemistry
47:52 Elite Skirmisher
49:34 Leather Archer Armor
53:02 Ring Archer Armor
ArNuL
2:22 Loom
10:39 Feudal Age
11:10 Double-Bit Axe
15:43 Forging
17:43 Scale Barding Armor
21:56 Castle Age
19:53 Gold Mining
23:07 Chain Barding Armor
22:58 Bow Saw
23:20 Husbandry
24:33 Wheelbarrow
25:44 Town Watch
26:50 Iron Casting
26:59 Hand Cart
34:24 Imperial Age
31:49 Stone Mining
32:35 Gold Shaft Mining
34:39 Cavalier
35:56 Plate Barding Armor
37:54 Blast Furnace
37:22 Conscription
40:58 Coinage
40:39 Paladin
46:11 Caravan
47:57 Light Cavalry
55:17 Banking
ShiftyShnike
8:32 Feudal Age
8:39 Loom
9:28 Double-Bit Axe
14:37 Wheelbarrow
14:37 Horse Collar
21:55 Castle Age
24:44 Hand Cart
24:36 Heavy Plow
28:13 Town Watch
28:40 Gold Mining
33:59 Imperial Age
31:38 Scale Barding Armor
31:44 Forging
32:30 Bloodlines
32:20 Husbandry
34:45 Chain Barding Armor
35:01 Iron Casting
34:28 Cavalier
36:27 Plate Barding Armor
37:42 Chemistry
36:10 Paladin
37:16 Stone Mining
38:08 Fortified Wall
42:05 Supremacy
42:05 Conscription
41:31 Light Cavalry
43:20 Blast Furnace
42:10 Fletching
43:15 Ballistics
43:06 Masonry
42:50 Guard Tower
43:36 Bombard Tower
43:01 Arrowslits
43:12 Murder Holes
44:14 Caravan
46:29 Bodkin Arrow
46:23 Hussar
50:07 Capped Ram
51:29 Siege Ram
54:18 Coinage
55:06 Bracer
55:39 Architecture
Aron
10:10 Feudal Age
13:16 Castle Age
12:15 Double-Bit Axe
12:15 Horse Collar
14:42 Bow Saw
16:26 Heavy Plow
18:24 Loom
22:57 Wheelbarrow
22:08 Town Watch
24:07 Town Watch
24:21 Gold Mining
24:21 Stone Mining
26:47 Town Patrol
29:45 Imperial Age
27:43 Hand Cart
29:23 Ballistics
29:10 Scale Barding Armor
28:56 Fletching
30:42 Chain Barding Armor
30:18 Elite Ballista Elephant
31:18 Conscription
32:28 Plate Barding Armor
34:00 Chemistry
33:07 Siege Engineers
33:13 Masonry
33:12 Double Crossbow
34:22 Hoardings
34:27 Crop Rotation
34:57 Caravan
36:00 Bloodlines
35:51 Husbandry
35:51 Bodkin Arrow
39:12 Devotion
39:29 Bracer
40:43 Faith
40:24 Light Cavalry
49:14 Forging
55:50 Pikeman
56:32 Scale Mail Armor
57:08 Iron Casting
56:21 Halberdier
Cinnamoroll
6:22 Loom
9:00 Feudal Age
12:14 Horse Collar
14:05 Wheelbarrow
13:48 Scale Barding Armor
23:37 Castle Age
21:56 Gold Mining
24:54 Hand Cart
24:30 Double-Bit Axe
25:03 Heavy Plow
25:24 Stone Mining
25:28 Town Watch
28:31 Bow Saw
31:40 Sanctity
31:31 Fervor
31:42 Chain Barding Armor
31:33 Inquisition
32:31 Husbandry
32:46 Bloodlines
37:36 Imperial Age
35:36 Forging
35:37 Fletching
36:58 Fervor
36:26 Light Cavalry
37:04 Bodkin Arrow
37:21 Masonry
37:50 Iron Casting
38:38 Block Printing
38:58 Theocracy
39:34 Plate Barding Armor
39:01 Bracer
39:06 Pikeman
39:46 Squires
39:47 Scale Mail Armor
40:57 Blast Furnace
39:51 Halberdier
41:55 Chain Mail Armor
42:14 Supremacy
43:28 Conscription
44:29 Caravan
45:25 Plate Mail Armor
49:09 Hoardings
48:56 Redemption
49:13 Illumination
53:32 Sappers
55:56 Padded Archer Armor
鼠條
11:38 Feudal Age
12:19 Double-Bit Axe
12:45 Horse Collar
15:20 Castle Age
16:16 Bow Saw
16:13 Scale Barding Armor
21:25 Wheelbarrow
21:18 Stone Mining
23:20 Gold Mining
23:35 Heavy Plow
23:37 Loom
25:36 Hand Cart
27:56 Town Watch
28:23 Forging
28:58 Gold Shaft Mining
31:28 Imperial Age
29:20 Chain Barding Armor
29:31 Bloodlines
29:21 Husbandry
30:51 Iron Casting
30:46 Murder Holes
31:42 Grand Trunk Road
31:30 Heavy Camel Rider
32:48 Plate Barding Armor
33:14 Blast Furnace
32:49 Conscription
33:11 Imperial Camel Rider
47:05 Fletching
49:25 Stone Shaft Mining
50:41 Town Patrol
51:08 Light Cavalry
59:34 Caravan
YYQ
9:57 Feudal Age
15:02 Castle Age
14:03 Double-Bit Axe
13:59 Horse Collar
21:56 Wheelbarrow
22:26 Bow Saw
23:54 Loom
23:59 Town Watch
24:05 Gold Mining
25:18 Heavy Plow
25:32 Stone Mining
26:49 Gold Shaft Mining
30:14 Imperial Age
27:47 Fletching
28:23 Bodkin Arrow
29:01 Hand Cart
29:21 Ballistics
29:20 Padded Archer Armor
30:25 Leather Archer Armor
30:57 Bracer
32:01 Chemistry
31:25 Conscription
32:12 Ring Archer Armor
31:10 Pikeman
32:00 Elite Longbowman
32:34 Treadmill Crane
34:08 Two-Man Saw
33:58 Caravan
35:03 Siege Engineers
35:01 Squires
34:47 Arson
35:04 Scale Mail Armor
35:14 Forging
35:50 Warwolf
35:43 Halberdier
36:57 Coinage
37:29 Chain Mail Armor
38:46 Plate Mail Armor
38:51 Iron Casting
39:27 Banking
40:24 Yeomen
41:41 Blast Furnace
55:36 Man-at-Arms
56:03 Gambesons
56:22 Long Swordsman
57:34 Two-Handed Swordsman
58:30 Champion
acyhjujaxuzjkt
6:05 Loom
8:38 Feudal Age
9:45 Double-Bit Axe
12:05 Fletching
12:50 Gold Mining
13:47 Padded Archer Armor
14:44 Horse Collar
24:04 Castle Age
24:46 Bodkin Arrow
25:07 Leather Archer Armor
24:13 Crossbowman
26:16 Ballistics
31:21 Imperial Age
30:36 Gold Shaft Mining
32:05 Bracer
32:02 Arbalester
34:16 Ring Archer Armor
36:32 Chemistry
37:05 Wheelbarrow
40:43 Hand Cart
45:48 Stone Mining
46:39 Siege Engineers
47:58 Stone Shaft Mining
50:14 Conscription
49:57 Double Crossbow
49:42 Heavy Scorpion
Connection lost

Rejoining the realm…

Still unreachable

The connection could not be restored.

Session expired

The server has moved on; the page needs a fresh start.